 Dungeon Crawl Stone Soup version 0.20-a0-1078-g4874019 (webtiles) character file.

59055 FastMan the Severer (level 14, -9/137 HPs)
             Began as a Minotaur Berserker on May 1, 2017.
             Was a High Priest of Trog.
             Shot with a bolt by Vashnia (11 damage)
             ... on level 4 of the Snake Pit.
             The game lasted 00:13:36 (12919 turns).

FastMan the Severer (Minotaur Berserker)           Turns: 12919, Time: 00:13:36

Health: -9/137     AC: 31    Str: 26    XL:     14   Next: 51%
Magic:  13/13      EV:  8    Int:  4    God:    Trog [*****.]
Gold:   1014       SH: 13    Dex: 11    Spells: 13/13 levels left

rFire    . . .     SeeInvis .   a - +4 hand axe (vamp)
rCold    . . .     Gourm    .   y - +0 shield
rNeg     . . .     Faith    +   G - +3 crystal plate armour
rPois    .         Spirit   .   (helmet restricted)
rElec    .         Reflect  .   B - +0 cloak
rCorr    +         Harm     .   i - +2 pair of gloves
MR       +++..                  c - +0 pair of boots
Stlth    ..........             r - amulet of faith
Regen    1.4/turn               (no ring)
MPRegen  0.2/turn               m - ring of resist corrosion

@: lethally poisoned (-9 -> -10), regenerating, slowed, very slow
A: retaliatory headbutt, horns 2
a: Berserk, Trog's Hand, Brothers in Arms, Burn Spellbooks, Renounce Religion


You were on level 4 of the Snake Pit.
You worshipped Trog.
Trog was extremely pleased with you.
You were near starving.

You visited 3 branches of the dungeon, and saw 17 of its levels.

You collected 1014 gold pieces.

Inventory:

Hand Weapons
 a - a +4 vampiric hand axe (weapon)
 b - a +3 antimagic broad axe
 e - the +5 broad axe "Dilak" {freeze, Int+2}
   (You found it on level 4 of the Lair of Beasts)

   It has been specially enchanted to freeze those struck by it, causing extra
   injury to most foes and up to half again as much damage against particularly
   susceptible opponents.
   It can also slow down cold-blooded creatures.
   It affects your intelligence (+2).
Armour
 c - a +0 pair of boots (worn)
 i - a +2 pair of gloves (worn)
 y - a +0 shield (worn)
 B - a +0 cloak (worn)
 G - a +3 crystal plate armour (worn)
Jewellery
 m - a ring of resist corrosion (right hand)
 r - an amulet of faith (around neck)
Scrolls
 f - 7 scrolls of remove curse {@r2}
 h - 3 scrolls of teleportation {@r3}
 k - a scroll of identify {@r1}
 l - a scroll of fear
 o - a scroll of fog
 p - 2 scrolls of magic mapping
 x - 2 scrolls of blinking {@r4}
Potions
 g - a potion of resistance
 j - a potion of agility {@q5}
 n - 5 potions of curing {@q1}
 s - a potion of flight
 t - 2 potions of might {@q4}
 u - 2 potions of haste {@q3}
 A - a potion of degeneration
 C - 4 potions of mutation
 D - a potion of berserk rage
 E - 3 potions of brilliance {@q6}
 F - a potion of lignification
 I - a potion of heal wounds {unknown}
Comestibles
 d - a meat ration {@e2}
 q - 15 royal jellies {@e3}
 v - 2 chunks of flesh
 z - 13 fruits {@e4}


   Skills:
 * Level 16.2 Fighting
 + Level 16.5 Axes
 + Level 12.0 Armour
 + Level 9.2 Dodging
 + Level 12.2 Shields


You had 13 spell levels left.
You didn't know any spells.

Dungeon Overview and Level Annotations

Branches:
Dungeon (9/15)             Temple (0/1) D:5            Lair (4/6) D:9
 Shoals (0/4) Lair:2        Snake (4/4) Lair:2
    Orc: D:9-12

Altars:
Elyvilon
Fedhas
Kikubaaqudgha
Qazlal
Ru
Sif Muna
Uskayaw
The Shining One
Beogh

Shops:
D:5 }(

Annotations:
D:7 exclusion: oklob plant
Snake:4 Vashnia


Innate Abilities, Weirdness & Mutations

You reflexively headbutt those who attack you in melee.
You have a pair of horns on your head.


Message History

The naga sharpshooter hits you but does no damage.
You block the naga sharpshooter's attack.
You hit the naga sharpshooter.
Your headbutt misses the naga sharpshooter.
The naga sharpshooter is severely wounded.
You feel sick.
Your deep troll misses Vashnia. x2
Your deep troll closely misses Vashnia.
Vashnia gestures wildly while chanting.
Vashnia magically shoots a bolt.
The bolt hits your deep troll!! The bolt freezes your deep troll!
Your deep troll dies!
Your deep troll's corpse disappears in a puff of smoke!
Vashnia shouts!
You slash the naga sharpshooter!
Your headbutt misses the naga sharpshooter.
The naga sharpshooter is almost dead.
You feel sick.
Vashnia shoots a bolt.
The bolt hits you!!
* * * LOW HITPOINT WARNING * * *
The bolt freezes you!
You die...

.. ..# # .# #.# # #.# #
#.# #.# #N# ########
#.#######ยง# #......#
#..(.....(######......#
#......@.(((((((((.(..##
#.####N.###))###......##
...#......# ####.####
#.#.###++### #.# # # .
#.# # .# #.# # .. #.# #
## #.# ## #.###.


You could see Vashnia and a naga sharpshooter.

Vanquished Creatures
  2 nagarajas
  Aizul (Snake:1)
  7 naga warriors
  2 hydras (Lair:4)
  2 anacondas
  3 death yaks (D:9)
  5 shock serpents
  10 naga sharpshooters
  A salamander mystic (Snake:3)
  6 naga ritualists
  6 mana vipers
  A manticore (Lair:2)
  8 salamanders
  27 black mambas
  7 naga magi
  7 spiny frogs
  5 komodo dragons
  A queen bee (Lair:3)
  2 trolls (D:9)
  2 polar bears
  5 blink frogs (Lair:4)
  5 hippogriffs
  Sigmund (D:6)
  A spriggan (Lair:2)
  A basilisk (Lair:1)
  A wyvern (D:9)
  11 yaks
  25 nagas
  An orc warrior (D:9)
  5 water moccasins
  An ice beast (D:6)
  5 porcupines
  2 phantoms
  3 sky beasts
  2 black bears (Lair:2)
  A necrophage (D:9)
  3 ogres
  2 eyes of draining (D:9)
  9 wolves (Lair:2)
  4 centaurs
  7 crocodiles
  2 big kobolds
  3 bullfrogs
  A water moccasin zombie (D:5)
  A scorpion (D:9)
  19 killer bees (Lair:3)
  5 wights (D:8)
  A howler monkey (D:5)
  3 crimson imps
  A centaur zombie (D:7)
  A hound (D:4)
  8 orc priests
  8 orc wizards
  An iguana (D:9)
  8 worker ants
  A hound skeleton (D:6)
  2 worker ant zombies
  5 adders
  A shadow imp (D:6)
  2 adder zombies
  2 worms (D:4)
  2 dart slugs
  A leopard gecko (D:6)
  30 orcs
  A ball python (D:4)
  3 bats
  A bat zombie (D:5)
  2 giant cockroaches
  3 goblins
  A hobgoblin (D:3)
  2 quokkas
  3 frilled lizards
  13 kobolds
  2 leopard gecko skeletons
  5 rats
  3 rat zombies (D:5)
  2 fungi (Lair:2)
  2 plants
351 creatures vanquished.

Vanquished Creatures (others)
  A fungus (Lair:4)
  2 plants (Lair:4)
3 creatures vanquished.

Grand Total: 354 creatures vanquished

Notes
Turn   | Place    | Note
-------+----------+-------------------------------------------
     0 | D:1      | FastMan the Minotaur Berserker began the quest for the Orb.
     0 | D:1      | Reached XP level 1. HP: 19/19 MP: 0/0
   286 | D:3      | Reached XP level 2. HP: 24/27 MP: 1/1
   383 | D:3      | Reached XP level 3. HP: 32/34 MP: 2/2
   487 | D:3      | Reached skill level 5 in Axes
   487 | D:3      | Reached XP level 4. HP: 31/41 MP: 3/3
   529 | D:4      | Reached ** piety under Trog
   529 | D:4      | Reached skill level 5 in Fighting
   600 | D:4      | Reached XP level 5. HP: 16/48 MP: 4/4
   678 | D:4      | Found a hide-covered altar of Uskayaw.
   678 | D:4      | Found a blossoming altar of Fedhas.
  1083 | D:5      | Entered Level 5 of the Dungeon
  1092 | D:5      | Reached XP level 6. HP: 57/57 MP: 5/5
  1224 | D:5      | Found a staircase to the Ecumenical Temple.
  1441 | D:5      | Reached XP level 7. HP: 64/64 MP: 6/6
  1462 | D:5      | Found Ysihut's Antique Weapon Emporium.
  1497 | D:5      | Reached *** piety under Trog
  1562 | D:5      | Found an ancient bone altar of Kikubaaqudgha.
  1603 | D:5      | Found Fyal's Gadget Shoppe.
  1717 | D:6      | Noticed Sigmund
  1725 | D:6      | Killed Sigmund
  1736 | D:6      | Reached XP level 8. HP: 72/73 MP: 7/7
  1781 | D:6      | Reached skill level 10 in Axes
  2334 | D:6      | Found a blossoming altar of Fedhas.
  2455 | D:7      | Reached skill level 1 in Shields
  2461 | D:7      | Reached **** piety under Trog
  2613 | D:7      | Found a white marble altar of Elyvilon.
  2613 | D:7      | Noticed an oklob plant
  2710 | D:8      | Reached XP level 9. HP: 80/82 MP: 8/8
  3334 | D:9      | Noticed a troll
  3349 | D:9      | Killed a troll
  3375 | D:9      | Noticed a death yak
  3375 | D:9      | Noticed a death yak
  3376 | D:9      | Noticed a death yak
  3379 | D:9      | Reached skill level 5 in Armour
  3417 | D:9      | Killed a death yak
  3417 | D:9      | Reached skill level 5 in Shields
  3419 | D:9      | Reached XP level 10. HP: 84/93 MP: 9/9
  3427 | D:9      | Killed a death yak
  3427 | D:9      | Reached skill level 10 in Fighting
  3602 | D:9      | Found a staircase to the Lair.
  3618 | D:9      | Found a glowing golden altar of the Shining One.
  3619 | D:9      | Found a sacrificial altar of Ru.
  3621 | D:9      | Found a deep blue altar of Sif Muna.
  3647 | D:9      | Killed a death yak
  3793 | D:9      | Found a roughly hewn altar of Beogh.
  3812 | D:9      | Reached ***** piety under Trog
  3926 | Lair:1   | Entered Level 1 of the Lair of Beasts
  4066 | Lair:1   | Noticed a spiny frog
  4081 | Lair:1   | Killed a spiny frog
  4701 | Lair:2   | Reached XP level 11. HP: 78/100 MP: 10/10
  5060 | Lair:2   | Found a staircase to the Snake Pit.
  5246 | Lair:2   | Found a staircase to the Shoals.
  5649 | Lair:3   | Received a gift from Trog
  6329 | Lair:4   | Noticed a six-headed hydra
  6350 | Lair:4   | Killed a 20-headed hydra
  6350 | Lair:4   | Reached XP level 12. HP: 90/112 MP: 11/11
  6788 | Lair:4   | Reached skill level 15 in Axes
  6921 | Lair:4   | Noticed a four-headed hydra
  6937 | Lair:4   | Killed a 14-headed hydra
  6937 | Lair:4   | Reached skill level 5 in Dodging
  7093 | Lair:4   | Got an ivory broad axe
  7094 | Lair:4   | Identified the +5 broad axe "Dilak" {freeze, Int+2} (You found it on level 4 of the Lair of Beasts)
  7614 | Snake:1  | Entered Level 1 of the Snake Pit
  7631 | Snake:1  | Noticed Aizul
  7654 | Snake:1  | Killed Aizul
  8248 | Snake:1  | Reached skill level 10 in Shields
  8429 | Snake:1  | Reached skill level 10 in Armour
  8546 | Snake:1  | Noticed a naga warrior
  8583 | Snake:1  | Killed a naga warrior
  9064 | Snake:1  | Reached XP level 13. HP: 117/122 MP: 12/12
  9347 | Snake:1  | Received a gift from Trog
 11030 | Snake:3  | Reached skill level 15 in Fighting
 11208 | Snake:3  | Found a stormy altar of Qazlal.
 11242 | Snake:3  | Noticed a nagaraja
 11711 | Snake:3  | Killed a nagaraja
 11817 | Snake:4  | Entered Level 4 of the Snake Pit
 11900 | Snake:4  | Reached XP level 14. HP: 122/135 MP: 13/13
 12708 | Snake:4  | Noticed a nagaraja
 12727 | Snake:4  | Killed a nagaraja
 12727 | Snake:4  | Received a gift from Trog
 12867 | Snake:4  | Noticed Vashnia
 12919 | Snake:4  | HP: 2/137 [Vashnia/bolt (30)]
 12919 | Snake:4  | Shot with a bolt by Vashnia

Vault maps used:
D:1:      mainiacjoe_arrival_reflecting_pool
D:2:      minmay_split_cup_large
D:3:      first_bread
D:4:      gammafunk_temple_overflow_elements
D:5:      lemuel_zombie_altar_kikubaaqudgha, lemuel_temple_firewalk_a,
          serial_shops, kennysheep_mini,
          nicolae_shop_temple_entry_statues_fountains
D:6:      fedhas_bush_and_centaur_altar, uniq_sigmund
D:7:      lemuel_oklob_altar
D:9:      gammafunk_temple_overflow_forgotten, dpeg_lair_monsters, serial_glass,
          glass_columns_a, glass_columns_a, david_defended_altar_orc
Lair:2:   minmay_shoals_entry_beasts, guppyfry_snake_entry_island,
          forest_entry_grove, lemuel_fruit_fields
Lair:3:   special_room
Lair:4:   hangedman_lair_unloving_vines
Snake:1:  spider_trap, uniq_aizul
Snake:2:  minmay_snake_pond, grunt_megastairs_1
Snake:3:  basic_altar, nicolae_snake_shapes
Snake:4:  johnstein_snake_rune_scales, grunt_megastairs_2, lemuel_fruit_tree,
          uniq_asterion, uniq_vashnia

Skill      XL: |  1  2  3  4  5  6  7  8  9 10 11 12 13 14 |
---------------+-------------------------------------------+-----
Fighting       | 4 5 6 7 8 9 10 12 13 15 16 | 16.2
Axes           | 4 5 6 7 9 11 12 14 15 16 | 16.5
Shields        | 2 5 7 8 10 11 12 | 12.2
Armour         | 3 5 7 9 10 11 12 | 12.0
Dodging        | 4 6 8 9 |  9.2

Action                   |  1- 3 |  4- 6 |  7- 9 | 10-12 | 13-15 || total
-------------------------+-------+-------+-------+-------+-------++-------
Melee: Hand axe          |    42 |    76 |   246 |   668 |   581 ||  1613
       Headbutt          |     2 |    14 |    63 |   152 |   169 ||   400
       Broad axe         |       |       |       |    54 |       ||    54
Invok: Berserk           |     1 |     1 |     2 |    11 |    11 ||    26
       Trog's Hand       |       |       |     3 |     2 |     6 ||    11
       Burn Spellbooks   |       |       |       |     1 |     1 ||     2
       Brothers in Arms  |       |       |       |       |     1 ||     1
  Use: Potion            |       |     2 |     1 |       |     2 ||     5
       Scroll            |       |     7 |    15 |     5 |     6 ||    33
  Eat: Chunk             |       |     4 |     6 |    17 |     5 ||    32
       Bread ration      |       |     1 |       |     2 |     1 ||     4
       Meat ration       |       |       |     1 |     1 |     3 ||     5
       Royal jelly       |       |       |       |       |     2 ||     2
Armor: Chain mail        |    20 |    44 |    84 |       |       ||   148
       Crystal plate arm |       |       |    24 |   435 |   270 ||   729
Dodge: Dodged            |    23 |    32 |    66 |   116 |   123 ||   360
Block: Shield            |       |       |    67 |   339 |   310 ||   716
